 Dungeon Crawl Stone Soup version 0.21.1-1-g345015f (webtiles) character file.

58 TinyReaver the Magician (level 3, 0/16 HPs)
             Began as a Spriggan Earth Elementalist on Apr 29, 2018.
             Shot with a stone by a goblin (1 damage)
             ... led by Robin
             ... on level 2 of the Dungeon.
             The game lasted 00:05:44 (983 turns).

TinyReaver the Magician (SpEE)                       Turns: 983, Time: 00:05:45

Health: 0/16       AC:  2    Str:  4    XL:     3   Next: 75%
Magic:  6/9        EV: 19    Int: 17    God:
Gold:   91         SH:  0    Dex: 16    Spells: 6/9 levels left

rFire    + . .     SeeInvis +   n - +0 whip (curse)
rCold    . . .     Gourm    .   (shield restricted)
rNeg     . . .     Faith    .   c - +0 robe
rPois    .         Spirit   .   (helmet restricted)
rElec    .         Reflect  .   (no cloak)
rCorr    .         Harm     .   (gloves unavailable)
MR       .....                  (boots unavailable)
Stlth    ++........             (no amulet)
HPRegen  0.05/turn              k - ring of protection from fire
MPRegen  0.11/turn              (no ring)

@: very quick
A: very small, unfitting armour, see invisible, herbivore, speed 3, slow
metabolism 2
a: no special abilities


You were on level 2 of the Dungeon.
You were not hungry.

You visited 1 branch of the dungeon, and saw 2 of its levels.

You collected 91 gold pieces.

Inventory:

Hand Weapons
 m - a +0 club
 n - a cursed +0 whip (weapon)
Armour
 c - a +0 robe (worn)
Jewellery
 k - a ring of protection from fire (left hand)
Scrolls
 a - 3 scrolls of identify
Potions
 f - a potion of heal wounds {unknown}
 g - 3 potions of agility
 j - a potion of degeneration {unknown}
Books
 e - a book of Geomancy

   Spells                             Type                      Level
   a - Sandblast                      Earth                        1
   b - Passwall                       Transmutation/Earth          2
   c - Stone Arrow                    Conjuration/Earth            3
   d - Petrify                        Transmutation/Earth          4
   e - Lee's Rapid Deconstruction     Earth                        5
Comestibles
 d - 3 rations


   Skills:
 + Level 3.7 Dodging
 + Level 3.1 Stealth
 + Level 3.7 Spellcasting
 + Level 1.3 Transmutations
 + Level 3.5 Earth Magic


You had 6 spell levels left.
You knew the following spells:

 Your Spells              Type           Power        Failure   Level  Hunger
a - Sandblast             Erth           ###...       3%          1    None
b - Passwall              Tmut/Erth      ##........   9%          2    ##.....


Dungeon Overview and Level Annotations

Branches:
Dungeon (2/15)

Altars:

Annotations:
D:2 Natasha


Innate Abilities, Weirdness & Mutations

You are very small and have problems with some larger weapons.
You are too small for most types of armour.
You have supernaturally acute eyesight. (SInv)
You are a herbivore.
You cover ground extremely quickly.
You need consume almost no food.


Message History

You now have no stones remaining.
The ooze closely misses you.
Natasha mumbles some strange words.
Casting: Sandblast
Confirm with . or Enter, or press ? or * to list all spells.
Aiming: Sandblast
Press: ? - help, Shift-Dir - straight line, f/p - ooze
Aim: an ooze (lightly wounded)
You don't have any stones to cast with.
Casting: Sandblast
Confirm with . or Enter, or press ? or * to list all spells.
Aiming: Sandblast
Press: ? - help, Shift-Dir - straight line, f/p - ooze
Aim: an ooze (lightly wounded)
You don't have any stones to cast with.
You hit the ooze.
The ooze is moderately wounded.
The ooze closely misses you.
The goblin shoots a stone.
The stone hits you.
* * * LOW HITPOINT WARNING * * *
The stone burns you.
You die...

#.######
.......5.. #.#
#... .........
#.# #.##
....<...h #.#
#.#< ...... #.#
#.#. ...$. #)#
#.#. #..# #.#
#.#. #J## #.#
#.## #@.# #g#
#[.. ##.## #$#
#### #g.# #.#
######.## #.#
#.......g### #.#
#........g.# #)#
#....##+##g## #.#
..g.......g.###.#
.....#...#.g...g#


You could see Natasha, a crimson imp, an ooze, 3 hobgoblins and 2 goblins.

Vanquished Creatures
  Robin (D:2)
  2 adders (D:2)
  A dart slug (D:1)
  2 leopard geckos (D:1)
  A giant cockroach (D:2)
  A hobgoblin (D:2)
  4 bats (D:1)
  A frilled lizard (D:1)
  10 goblins
  2 kobolds (D:1)
  2 rats (D:1)
27 creatures vanquished.

Notes
Turn   | Place    | Note
-------+----------+-------------------------------------------
     0 | D:1      | TinyReaver the Spriggan Earth Elementalist began the quest for the Orb.
     0 | D:1      | Reached XP level 1. HP: 9/9 MP: 5/5
   200 | D:1      | Reached XP level 2. HP: 13/13 MP: 1/6
   210 | D:1      | Learned a level 2 spell: Passwall
   753 | D:2      | Reached XP level 3. HP: 16/16 MP: 5/8
   803 | D:2      | Noticed Robin
   956 | D:2      | Killed Robin
   980 | D:2      | Noticed Natasha
   983 | D:2      | Shot with a stone by a goblin

Skill      XL: |  1  2 |
---------------+-------+-----
Earth Magic    | 3 |  3.5
Spellcasting   | 3 |  3.7
Dodging        | |  3.7
Stealth        | |  3.1
Transmutations | |  1.3

Action                   || total
-------------------------++-------
Melee: Unarmed           ||     4
       Whip              ||    14
 Cast: Sandblast         ||    44
  Use: Scroll            ||     6
Armor: Robe              ||     3
Dodge: Dodged            ||    35
